 Dungeon Crawl Stone Soup version 0.30.1-11-g7821555f0a (webtiles) character file.

Game seed: 2711735411065870107

9 hawla the Firebug (level 2, -2/19 (20) HPs)
             Began as a Meteoran Fire Elementalist on Jan 3, 2024.
             Slain by an orc
             ... wielding a +0 club
              (4 damage)
             ... on level 3 of the Dungeon.
             The game lasted 00:01:17 (367 turns).

hawla the Firebug (Meteoran Fire Elementalist)       Turns: 367, Time: 00:01:18

HP:   -2/19 (20)    AC:  2    Str:  9    XL:     2   Next: 35%
MP:   1/6           EV: 12    Int: 16    God:
Gold: 59            SH:  0    Dex: 14    Spells: 5/6 levels left

rFire   . . .        (no weapon)
rCold   . . .        (no shield)
rNeg    . . .        a - +0 robe
rPois   .            (no helmet)
rElec   .            (no cloak)
rCorr   .            (no gloves)
SInv    .            (no boots)
Will    .....        (no amulet)
Stlth   +            (no ring)
HPRegen 0.23/turn    (no ring)
MPRegen 0.10/turn

%: no passive effects
@: attractive, very slightly contaminated, glowing, drained
A: sense surroundings 1, otherworldly, glowing, explore regen
a: no special abilities


You were on level 3 of the Dungeon.
You visited 1 branch of the dungeon, and saw 3 of its levels.

You collected 59 gold pieces.

Inventory:

Armour
 a - a +0 robe (worn)
Scrolls
 c - a scroll of identify {unknown}
 d - a scroll of noise {unknown}
 f - a scroll of immolation {unknown}
 g - a scroll of teleportation {unknown}
 i - a scroll of fog {unknown}
Potions
 b - a potion of magic
 h - a potion of mutation {unknown}


   Skills:
 + Level 2.5 Dodging
 - Level 1.4 Stealth
 + Level 2.8 Spellcasting
 + Level 1.3 Conjurations
 + Level 4.1 Fire Magic


You had 5 spell levels left.
You knew the following spells:

 Your Spells              Type           Power      Damage    Failure   Level
a - Foxfire               Conj/Fire      44%        2x1d6     6%          1

Your spell library contained the following spells:

 Spells                   Type           Power      Damage    Failure   Level
 Scorch                   Fire           30%        2d6       5%          2
 Inner Flame              Hex/Fire       8%         N/A       24%         3
 Volatile Blastmotes      Fire/Tloc      16%        2d11      24%         3
 Flame Wave               Conj/Fire      11%        2d6       52%         4


Dungeon Overview and Level Annotations

Branches:
Dungeon (3/15) Zot: 1432

Altars:


Innate Abilities, Weirdness & Mutations

You passively map a small area around you.
You are easily found by Zot.
You glow in the dark.
You regain HP and MP as you explore.


Message History

The frilled lizard is heavily wounded.
The foxfire hits the frilled lizard.
You kill the frilled lizard!
Casting: Foxfire (safe; 6% risk of failure)
Confirm with . or Enter, or press ? or * to list all spells.
You conjure some foxfire!
A kobold comes into view. It is wielding a +0 short sword.
An orc comes into view. It is wielding a +0 mace.
The foxfire hits the orc but does no damage.
The foxfire hits the endoplasm.
The endoplasm is severely wounded.
Casting: Foxfire (safe; 6% risk of failure)
Confirm with . or Enter, or press ? or * to list all spells.
You conjure some foxfire!
The foxfire hits the endoplasm.
You kill the endoplasm!
Casting: Foxfire (safe; 6% risk of failure)
Confirm with . or Enter, or press ? or * to list all spells.
You miscast Foxfire.
You are very lightly contaminated with residual magic.
Nothing appears to happen.
The foxfire hits the orc.
The orc is lightly wounded.
The orc hits you with a +0 club.
Casting: Foxfire (safe; 6% risk of failure)
Confirm with . or Enter, or press ? or * to list all spells.
You conjure some foxfire!
The adder bites you. x2
The orc hits you with a +0 club.
The orc hits you with a +1 whip of draining.
* * * LOW HITPOINT WARNING * * *
You feel drained.
It was a potion of attraction.
You feel attractive to monsters.
The foxfire hits the adder.
The adder is heavily wounded.
The foxfire hits the orc but does no damage.
The adder closely misses you. The orc barely misses you.
The orc hits you with a +0 club.
* * * LOW HITPOINT WARNING * * *
The kobold is attracted toward you. The adder barely misses you.
The orc hits you with a +0 club.
You die...

* * , *... , ,
..### * * ....#
, ,,, ##..#.# *
,*# #§....# *
.##.###K....#
......ooo...###
#.@S......
#§.#...#.# * *
* *#... .<... ,
#.### .#!., , ,
, .. # . ,* ##.
* , #. * ** #.
* * *


You could see an adder, 3 orcs and a kobold.

Vanquished Creatures
  3 endoplasms
  A hobgoblin (D:2)
  A bat (D:2)
  3 frilled lizards
  A rat (D:2)
9 creatures vanquished.

Vanquished Creatures (others)
  25 foxfires
25 creatures vanquished.

Grand Total: 34 creatures vanquished

Notes
Turn   | Place    | Note
-------+----------+-------------------------------------------
     0 | D:1      | hawla the Meteoran Fire Elementalist began the quest for
                  | the Orb.
     0 | D:1      | Reached XP level 1. HP: 14/14 MP: 5/5
     0 | D:1      | Noticed a tengu
     0 | D:1      | Noticed an elf
     3 | D:1      | Noticed a naga
     5 | D:1      | Noticed an octopode
     6 | D:1      | Noticed a tengu
     7 | D:1      | Noticed a tengu
     8 | D:1      | Noticed a vampire
    11 | D:1      | Noticed a dwarf
    13 | D:1      | Noticed a merfolk
    15 | D:1      | Noticed a tengu
    17 | D:1      | Noticed a minotaur
    17 | D:1      | Noticed an ogre
    19 | D:1      | Noticed a demigod
    19 | D:1      | Noticed a felid
    22 | D:1      | Noticed an ogre
   174 | D:2      | Reached skill level 4 in Fire Magic
   174 | D:2      | Reached XP level 2. HP: 20/20 MP: 1/6
   305 | D:2      | Found a faded altar of an unknown god.
   367 | D:3      | Slain by an orc

Illustrated notes

Levels and vault maps discovered:
D:1:      shiori_arrival_whats_in_store_for_you, layout_loops_cross,
          minmay_stone_trees_small, dreamdust_princess_bridge,
          minmay_misc_feat_more_columns
D:2:      layout_loops_ring, hellmonk_ecumenical_altar_heavens_door
D:3:      layout_basic, nicolae_overflow_hallway_of_the_gods,
          mainiacjoe_overflow_alcove_4, roderic_malta_cross

Skill      XL: |  1 |
---------------+----+-----
Fire Magic     | 4 |  4.1
Dodging        | |  2.5
Stealth        | |  1.4
Spellcasting   | |  2.8
Conjurations   | |  1.3

Action                     || total
---------------------------++-------
   Cast: Foxfire           ||    16
    Use: Potion            ||     1
 Armour: Robe              ||     1
  Dodge: Dodged            ||     8
